 Dungeon Crawl Stone Soup version 0.29.1-15-g9cfb28693d (webtiles) character file.

Game seed: 9264899216303232247

128 tizbic2 the Trooper (level 4, 0/37 HPs)
             Began as a Demonspawn Fighter on Apr 23, 2023.
             Was a Follower of Makhleb.
             Slain by Grinder (4 damage)
             ... on level 3 of the Dungeon.
             The game lasted 00:08:31 (2036 turns).

tizbic2 the Trooper (Demonspawn Fighter)            Turns: 2036, Time: 00:08:31

Health: 0/37       AC:  9    Str: 18    XL:     4   Next: 87%
Magic:  14/14      EV:  9    Int:  9    God:    Makhleb [*.....]
Gold:   94         SH:  4    Dex: 13    Spells: 3/3 levels left

rFire   + . .      SeeInvis .   v - +3 spear (vorpal)
rCold   + . .      Faith    +   c - +0 buckler
rNeg    . . .      Spirit   .   b - +0 scale mail
rPois   .          Reflect  .   (no helmet)
rElec   .          Harm     .   s - scarf {rC+ rF+}
rCorr   .          Rampage  .   r - +0 pair of gloves
Will    .....                   (no boots)
Stlth   ..........              i - amulet of faith
HPRegen 0.12/turn               m - ring of magical power
MPRegen 0.14/turn               (no ring)

@: no status effects
A: yellow scales 1, ignite blood 2
a: Renounce Religion


You were on level 3 of the Dungeon.
You worshipped Makhleb.
Makhleb was aware of your devotion.
You visited 1 branch of the dungeon, and saw 4 of its levels.

You collected 94 gold pieces.

Inventory:

Hand Weapons
 v - a +3 vorpal spear (weapon)
Armour
 b - a +0 scale mail (worn)
 c - a +0 buckler (worn)
 r - a +0 pair of gloves (worn)
 s - a scarf of resistance (worn)
Jewellery
 i - an amulet of faith (around neck)
 m - a ring of magical power (left hand)
Scrolls
 f - a scroll of vulnerability {unknown}
 l - a scroll of teleportation {unknown}
 n - 2 scrolls of fear {unknown}
 o - 3 scrolls of identify {unknown}
 q - a scroll of enchant armour {unknown}
 t - a scroll of acquirement {unknown}
Potions
 d - a potion of lignification {unknown}
 e - a potion of invisibility {unknown}
 g - a potion of degeneration {unknown}
 h - a potion of haste {unknown}
 j - a potion of flight {unknown}
 k - a potion of magic {unknown}
 p - a potion of cancellation {unknown}
 u - a potion of curing {unknown}


   Skills:
 + Level 3.8 Fighting
 + Level 2.7 Polearms
 - Level 3.1 Armour
 - Level 3.2 Shields
 * Level 2.3 Invocations


You had 3 spell levels left.
You didn't know any spells.
Your spell library was empty.

Dungeon Overview and Level Annotations

Branches:
Dungeon (4/15)
 Temple: D:4-7

Altars:
Ashenzari
Cheibriados
Fedhas
Makhleb
Nemelex Xobeh

Shops:
D:3 [:

Annotations:
D:3 Grinder


Innate Abilities, Weirdness & Mutations

You are partially covered in yellow scales. (AC +2)
Your demonic aura often causes spilled blood to erupt in flames.


Message History

Grinder is lightly wounded.
Grinder hits you but does no damage.
You barely miss Grinder.
Grinder is lightly wounded.
Grinder hits you but does no damage.
You closely miss Grinder.
Grinder is lightly wounded.
Grinder hits you.
You writhe in agony.
You hit Grinder.
Grinder is moderately wounded.
Grinder says, "Mostly I couldn't keep them alive."
You block Grinder's attack.
You hit Grinder.
Grinder is moderately wounded.
Grinder gestures at you.
You barely resist. You hit Grinder but do no damage.
Grinder is moderately wounded.
Grinder gestures at you. Pain shoots through your body!
* * * LOW HITPOINT WARNING * * *
You closely miss Grinder.
Grinder is moderately wounded.
Grinder gestures at you. You resist with significant effort.
You hit Grinder.
Grinder is moderately wounded.
Grinder barely misses you.
You puncture Grinder!
Grinder is severely wounded.
Grinder hits you but does no damage.
You barely miss Grinder.
Grinder is severely wounded.
You block Grinder's attack.
You barely miss Grinder.
Grinder is severely wounded.
Grinder hits you!
* * * LOW HITPOINT WARNING * * *
You writhe in agony.
You die...

#.#............##.#
#.#.##########....#
#.#.#### ######
..#....# ######.#
#.# #.# #.######
#....5@# ########


You could see Grinder.

Vanquished Creatures
  4 gnolls (D:3)
  6 adders
  2 endoplasms
  5 giant cockroaches
  5 goblins
  7 kobolds
  A quokka (D:4)
  5 ball pythons
  2 bats (D:2)
  3 frilled lizards
  4 rats
44 creatures vanquished.

Notes
Turn   | Place    | Note
-------+----------+-------------------------------------------
     0 | D:1      | tizbic2 the Demonspawn Fighter began the quest for the Orb.
     0 | D:1      | Reached XP level 1. HP: 18/18 MP: 1/1
   187 | D:1      | Gained mutation: You are partially covered in yellow
                  | scales. (AC +2) [demonic ancestry]
   187 | D:1      | Reached XP level 2. HP: 23/24 MP: 2/2
   700 | D:2      | Gained mutation: Your demonic aura sometimes causes spilled
                  | blood to erupt in flames. [demonic ancestry]
   700 | D:2      | Reached XP level 3. HP: 28/29 MP: 3/3
   744 | D:2      | You fall into a shaft and drop 2 floors!
   893 | D:3      | Found a snail-covered altar of Cheibriados.
   894 | D:3      | Found a burning altar of Makhleb.
   972 | D:3      | Became a worshipper of Makhleb the Destroyer
   997 | D:3      | Found a broken altar of Ashenzari.
  1022 | D:3      | Found a blossoming altar of Fedhas.
  1213 | D:2      | Gained mutation: Your demonic aura often causes spilled
                  | blood to erupt in flames. [demonic ancestry]
  1213 | D:2      | Reached XP level 4. HP: 34/35 MP: 4/4
  1301 | D:2      | Reached skill level 1 in Invocations
  1568 | D:3      | Reached * piety under Makhleb
  1870 | D:3      | Found a sparkling altar of Nemelex Xobeh.
  1930 | D:3      | Found Kisoisaf's Antique Armour Shop.
  1942 | D:3      | Found Pofasom's Vocational Training.
  2003 | D:3      | Noticed Grinder
  2036 | D:3      | Slain by Grinder

Illustrated notes

Levels and vault maps discovered:
D:1:      eino_arrival_cavern_d, layout_loops_ring
D:2:      layout_rooms, grunt_ministairs_11
D:3:      layout_basic, nemelex_spade_bored_becter,
          mainiacjoe_overflow_small_starburst,
          lemuel_zombie_altar_kikubaaqudgha, overflow_temple_1_default,
          mainiacjoe_overflow_six_doors_small, nicolae_ashenzari_panopticon,
          mainiacjoe_overflow_divided_tiny, hellmonk_ecumenical_altar_lost_god,
          serial_shops, nicolae_shop_window_shopping, nicolae_shop_vocational,
          uniq_grinder
D:4:      layout_basic

Skill      XL: |  1  2  3  4 |
---------------+-------------+-----
Polearms       | 2 |  2.7
Armour         | 3 |  3.1
Shields        | 3 |  3.2
Invocations    | 2 |  2.3
Fighting       | |  3.8

Action                   |  1- 3 |  4- 6 || total
-------------------------+-------+-------++-------
Melee: Trident           |   115 |    17 ||   132
       Spear             |       |    44 ||    44
  Use: Potion            |       |     2 ||     2
Armor: Scale mail        |    52 |    24 ||    76
Dodge: Dodged            |    57 |    16 ||    73
Block: Buckler           |    26 |    13 ||    39
